AoeStats
← Corwen

MegaRandom

509739100Analyzed
2v2 RM · 5d ago on Sep 27, 2026· 129m 22s· 4 players
Game mode
Random Map
Map size
Medium (4 player)
Population
200
Speed
Normal
Resources
Standard
Victory
Conquest
Starting age
Dark Age
Ending age
Imperial Age
RankedLock teamsTeams togetherTeam positionsShared explorationLock speedFull tech treeHidden civsTurbo modeCheats
Victory
Defeat
🇳🇴 Spanish · Norway
749
+16
🇫🇷 Aztecs · France
731
+17
🇪🇸 Teutons · Spain
769
-17
🇪🇸 Britons · Spain
741
-16
Corwen
12:03 Feudal Age
13:48 Wheelbarrow
15:56 Double-Bit Axe
20:14 Castle Age
18:25 Horse Collar
20:16 Fishing Lines
21:47 Hand Cart
21:48 Bow Saw
21:44 Heavy Plow
23:40 Gillnets
27:55 Gold Mining
27:56 Stone Mining
33:05 Imperial Age
32:21 Forging
32:12 Scale Mail Armor
32:12 Padded Archer Armor
32:02 Fletching
31:35 Eagle Warrior
32:01 Arson
32:17 Squires
33:11 Elite Skirmisher
33:18 Pikeman
35:25 Conscription
35:23 Chain Mail Armor
35:49 Crop Rotation
36:08 Gold Shaft Mining
36:09 Stone Shaft Mining
36:02 Capped Ram
36:19 Crossbowman
37:17 Elite Jaguar Warrior
39:16 Elite Eagle Warrior
41:44 Atlatl
43:33 Garland Wars
43:48 Plate Mail Armor
43:14 Bodkin Arrow
43:48 Caravan
45:40 Siege Ram
46:45 Ballistics
47:26 Chemistry
49:16 Leather Archer Armor
49:01 Bracer
49:37 Iron Casting
63:58 Redemption
63:48 Atonement
63:59 Fervor
64:04 Block Printing
64:15 Illumination
63:50 Devotion
64:10 Sanctity
64:11 Heresy
64:26 Theocracy
63:47 Herbal Medicine
71:43 Blast Furnace
101:48 Man-at-Arms
102:15 Gambesons
103:12 Long Swordsman
104:46 Two-Handed Swordsman
107:52 Arbalester
109:44 Faith
115:57 Medium Warships
121:55 Champion
KoN_Air
11:46 Feudal Age
13:00 Double-Bit Axe
18:13 Castle Age
19:28 Loom
20:33 Stone Mining
25:33 Horse Collar
26:07 Bow Saw
26:49 Heavy Plow
26:41 Gold Mining
29:00 Wheelbarrow
28:11 Town Watch
31:12 Hand Cart
32:46 Pikeman
33:26 Squires
33:12 Arson
34:05 Town Patrol
34:44 Stone Shaft Mining
36:25 Padded Archer Armor
36:15 Fletching
36:36 Forging
36:27 Scale Mail Armor
43:20 Imperial Age
41:50 Elite Skirmisher
43:31 Ballistics
43:08 Murder Holes
45:55 Chemistry
45:06 Fortified Wall
45:07 Masonry
45:34 Thumb Ring
45:52 Capped Ram
47:35 Bombard Tower
47:20 Caravan
47:32 Guilds
46:59 Elite Cannon Galleon
47:56 Medium Warships
48:12 Thumb Ring
64:09 Halberdier
68:57 Siege Ram
70:09 Onager
73:15 Leather Archer Armor
72:56 Bodkin Arrow
73:36 Iron Casting
73:17 Chain Mail Armor
74:18 Two-Man Saw
88:18 Elite Conquistador
104:02 Ring Archer Armor
103:33 Bracer
104:33 Blast Furnace
104:04 Plate Mail Armor
123:35 Architecture
122:56 Guard Tower
122:52 Arrowslits
ElVilKelowna
5:12 Loom
14:48 Feudal Age
16:04 Double-Bit Axe
16:02 Horse Collar
16:17 Gold Mining
16:24 Fishing Lines
18:09 Wheelbarrow
22:01 Town Watch
25:05 Castle Age
23:54 Arson
26:28 Demolition Ship
31:10 Hand Cart
33:28 Caravan
34:19 Heavy Plow
34:13 Elite Skirmisher
36:24 Stone Mining
39:43 Imperial Age
36:44 Pikeman
37:25 Squires
41:53 Conscription
42:10 Hoardings
42:41 Halberdier
48:40 Masonry
48:52 Ballistics
49:08 Cavalier
52:46 Crop Rotation
52:31 Bow Saw
60:19 Paladin
62:30 Coinage
63:27 Chemistry
64:27 Crenellations
68:27 Heavy Scorpion
78:11 Banking
77:55 Guilds
78:17 Siege Engineers
80:20 Two-Man Saw
80:30 Elite Teutonic Knight
83:54 Onager
85:17 Scale Barding Armor
85:04 Fletching
85:14 Padded Archer Armor
86:50 Town Patrol
100:04 Fortified Wall
100:21 Bombard Tower
Alquimista_Latino
10:06 Loom
12:49 Feudal Age
16:14 Wheelbarrow
19:27 Castle Age
18:36 Double-Bit Axe
23:52 Bow Saw
28:23 Horse Collar
32:28 Elite Skirmisher
33:04 Arson
35:52 Imperial Age
33:57 Pikeman
34:38 Squires
36:20 Forging
36:10 Scale Mail Armor
36:01 Fletching
36:11 Padded Archer Armor
37:24 Careening
37:25 Clinker Construction
38:46 Conscription
39:47 Chemistry
39:13 Ballistics
42:31 Elite Longbowman
46:18 Yeomen
46:35 Hoardings
48:04 Bodkin Arrow
48:24 Leather Archer Armor
48:44 Iron Casting
48:24 Chain Mail Armor
49:36 Bracer
49:42 Scale Barding Armor
56:13 Halberdier
59:11 Masonry
60:04 Blast Furnace
59:34 Plate Mail Armor
64:08 Man-at-Arms
64:35 Gambesons
66:03 Architecture
65:29 Murder Holes
65:25 Long Swordsman
68:10 Two-Handed Swordsman
70:10 Champion
71:42 Hand Cart
72:49 Ring Archer Armor
72:40 Chain Barding Armor
73:04 Dry Dock
72:59 Light Cavalry
73:40 Husbandry
81:33 Two-Man Saw
91:46 Heavy Scorpion
Connection lost

Rejoining the realm…

Still unreachable

The connection could not be restored.

Session expired

The server has moved on; the page needs a fresh start.